| TOP OF THE 1ST |
|
Amarillo ThunderHeads batting - Pitching for Americus Braves : RHP Jose Rivero
|
|
Pitching: RHP Jose Rivero
|
|
|
Batting: RHB Sam Voss
|
0-0: Swinging Strike 0-1: Ball 1-1: SINGLE (Line Drive, 6D, EV 96.9 MPH)
|
|
Batting: RHB Ryan Salas
|
0-0: Ball 1-0: DOUBLE (Line Drive, 9LS, EV 95.6 MPH) Sam Voss to third Runner from 3rd tries for Home, SAFE, throw by RF to home
|
|
Batting: LHB Danny Moreno
|
0-0: Foul Ball, location: 2F 0-1: Ball 1-1: Fly out, F8 (Flyball, 8LXD, EV 89.4 MPH) Runner from 2nd tags up, SAFE at 3rd, no throw by CF
|
|
Batting: RHB Robert Topete
|
0-0: Ball 1-0: SINGLE (Flyball, 3D, EV 87.5 MPH) Ryan Salas scores
|
|
Batting: LHB Alex Rivera
|
0-0: Ball 1-0: Ball 2-0: Ball 3-0: Called Strike 3-1: Swinging Strike 3-2: Fly out, F9 (Flyball, 9, EV 88.8 MPH)
|
|
Batting: RHB Evan Fry
|
0-0: Called Strike 0-1: Ball 1-1: Ground out 5-3 (Groundball, 56S, EV 89.4 MPH)
|
| Top of the 1st over - 2 runs, 3 hits, 0 errors, 1 left on base; Amarillo 2 - Americus 0 |
| BOTTOM OF THE 1ST |
|
Americus Braves batting - Pitching for Amarillo ThunderHeads : RHP Rob Fisher
|
|
Pitching: RHP Rob Fisher
|
|
|
Batting: RHB Alex Guerra
|
0-0: Ball 1-0: Called Strike 1-1: Called Strike 1-2: Strikes out swinging
|
|
Batting: RHB Wilson Salgado
|
0-0: Called Strike 0-1: Ball 1-1: Foul Ball, location: 2F 1-2: Ball 2-2: Foul Ball, location: 2F 2-2: Ball 3-2: Fly out, F8 (Flyball, 8LD, EV 88.1 MPH)
|
|
Batting: RHB Scott Hansen
|
0-0: Ball 1-0: Called Strike 1-1: Ball 2-1: Ball 3-1: Called Strike 3-2: Fly out, F7 (Flyball, 78M, EV 98.1 MPH)
|
| Bottom of the 1st over - 0 runs, 0 hits, 0 errors, 0 left on base; Amarillo 2 - Americus 0 |
| TOP OF THE 2ND |
|
Amarillo ThunderHeads batting - Pitching for Americus Braves : RHP Jose Rivero
|
|
Batting: LHB Carlos Guajardo
|
0-0: Ball 1-0: Ball 2-0: Called Strike 2-1: SINGLE (Flyball, 9LM, EV 108.1 MPH)
|
|
Batting: RHB Pat Martin
|
0-0: Foul Ball, location: 2F 0-1: Foul Ball, location: 2F 0-2: 2-RUN HOME RUN (Flyball, 7D, EV 102.5 MPH), Distance : 396 ft
|
|
Batting: RHB Eddie Vanderjagt
|
0-0: Ball 1-0: Fly out, F5 (Flyball, 56D, EV 81.9 MPH)
|
|
Batting: RHB Sam Voss
|
0-0: Ball 1-0: Ball 2-0: Called Strike 2-1: Foul Ball, location: 2F 2-2: SINGLE (Line Drive, 8RS, EV 87.5 MPH)
|
|
Batting: RHB Ryan Salas
|
0-0: Ball 1-0: Ball 2-0: Foul Ball, location: 2F 2-1: Ball 3-1: Base on Balls Sam Voss to second
|
|
Batting: LHB Danny Moreno
|
0-0: Grounds into double play, U6-3 (Groundball, 4MD, EV 86.9 MPH)
|
| Top of the 2nd over - 2 runs, 3 hits, 0 errors, 1 left on base; Amarillo 4 - Americus 0 |
| BOTTOM OF THE 2ND |
|
Americus Braves batting - Pitching for Amarillo ThunderHeads : RHP Rob Fisher
|
|
Batting: RHB Juan Gonzalez
|
0-0: Called Strike 0-1: Ground out 6-3 (Groundball, 6, EV 102.5 MPH)
|
|
Batting: RHB Josh Maxwell
|
0-0: Ball 1-0: Ball 2-0: Called Strike 2-1: Foul Ball, location: 2F 2-2: Ball 3-2: Foul Ball, location: 2F 3-2: Foul Ball, location: 2F 3-2: Strikes out looking
|
|
Batting: RHB Jose Florez
|
0-0: Ball 1-0: Called Strike 1-1: Ball 2-1: Ball 3-1: SINGLE (Line Drive, 9S, EV 86.9 MPH)
|
|
Batting: RHB Bart Stevensdick
|
0-0: Foul Ball, location: 2F 0-1: Ball Jose Florez is caught stealing 2nd base 2-4
|
| Bottom of the 2nd over - 0 runs, 1 hit, 0 errors, 0 left on base; Amarillo 4 - Americus 0 |
| TOP OF THE 3RD |
|
Amarillo ThunderHeads batting - Pitching for Americus Braves : RHP Jose Rivero
|
|
Batting: RHB Robert Topete
|
0-0: Swinging Strike 0-1: Fly out, F8 (Line Drive, 8LS, EV 94.4 MPH)
|
|
Batting: LHB Alex Rivera
|
0-0: Foul Ball, location: 2F 0-1: Ball 1-1: Ground out U3 (Groundball, 34S, EV 90.0 MPH)
|
|
Batting: RHB Evan Fry
|
0-0: Called Strike 0-1: Foul Ball, location: 2F 0-2: Ball 1-2: Foul Ball, location: 2F 1-2: Fly out, F8 (Flyball, 8LXD, EV 101.9 MPH)
|
| Top of the 3rd over - 0 runs, 0 hits, 0 errors, 0 left on base; Amarillo 4 - Americus 0 |
| BOTTOM OF THE 3RD |
|
Americus Braves batting - Pitching for Amarillo ThunderHeads : RHP Rob Fisher
|
|
Batting: RHB Bart Stevensdick
|
0-0: Ball 1-0: Ball 2-0: Called Strike 2-1: SINGLE (Groundball, 6S, EV 62.5 MPH) (infield hit)
|
|
Batting: LHB Pappy Sterile
|
0-0: Ball 1-0: Foul Ball, location: 2F 1-1: SINGLE (Groundball, 3S, EV 71.2 MPH) (infield hit) Bart Stevensdick to second
|
|
Batting: RHB Chris Foss
|
0-0: Ball 1-0: Ball 2-0: Called Strike 2-1: SINGLE (Groundball, 34D, EV 106.2 MPH) Bart Stevensdick to third Pappy Sterile to second Runner from 3rd tries for Home, SAFE, throw by RF to home
|
|
Batting: RHB Alex Guerra
|
0-0: Called Strike 0-1: Ball 1-1: Ball 2-1: Ball 3-1: Swinging Strike 3-2: Foul Ball, location: 2F 3-2: Grounds into double play, 5-4-3 (Groundball, 56, EV 102.5 MPH) Pappy Sterile to third
|
|
Batting: RHB Wilson Salgado
|
0-0: Foul Ball, location: 2F 0-1: Fly out, F8 (Flyball, 8LD, EV 76.2 MPH)
|
| Bottom of the 3rd over - 1 run, 3 hits, 0 errors, 1 left on base; Amarillo 4 - Americus 1 |
| TOP OF THE 4TH |
|
Amarillo ThunderHeads batting - Pitching for Americus Braves : RHP Jose Rivero
|
|
Batting: LHB Carlos Guajardo
|
0-0: Called Strike 0-1: Ball 1-1: Foul Ball, location: 2F 1-2: Foul Ball, location: 2F 1-2: Ball 2-2: Foul Ball, location: 2F 2-2: Ball 3-2: SOLO HOME RUN (Line Drive, 89XD, EV 115.6 MPH), Distance : 444 ft
|
|
Batting: RHB Pat Martin
|
0-0: Called Strike 0-1: Ball 1-1: Swinging Strike 1-2: Strikes out looking
|
|
Batting: RHB Eddie Vanderjagt
|
0-0: Called Strike 0-1: Swinging Strike 0-2: Ball 1-2: Fly out, F9 (Line Drive, 9LS, EV 93.1 MPH)
|
|
Batting: RHB Sam Voss
|
0-0: Foul Ball, location: 2F 0-1: Ball 1-1: Called Strike 1-2: SINGLE (Groundball, 15S, EV 62.5 MPH) (infield hit)
|
|
Batting: RHB Ryan Salas
|
0-0: Ball 1-0: Ball Sam Voss is caught stealing 2nd base 2-4
|
| Top of the 4th over - 1 run, 2 hits, 0 errors, 0 left on base; Amarillo 5 - Americus 1 |
| BOTTOM OF THE 4TH |
|
Americus Braves batting - Pitching for Amarillo ThunderHeads : RHP Rob Fisher
|
|
Batting: RHB Scott Hansen
|
0-0: Fly out, F7 (Flyball, 78M, EV 88.8 MPH)
|
|
Batting: RHB Juan Gonzalez
|
0-0: Called Strike 0-1: Foul Ball, location: 2F 0-2: Ground out 5-3 (Groundball, 5, EV 88.1 MPH)
|
|
Batting: RHB Josh Maxwell
|
0-0: Swinging Strike 0-1: Ball 1-1: Ball 2-1: Ball 3-1: Base on Balls
|
|
Batting: RHB Jose Florez
|
0-0: Called Strike 0-1: Ball 1-1: Foul Ball, location: 2F 1-2: Ball 2-2: Strikes out swinging
|
| Bottom of the 4th over - 0 runs, 0 hits, 0 errors, 1 left on base; Amarillo 5 - Americus 1 |
| TOP OF THE 5TH |
|
Amarillo ThunderHeads batting - Pitching for Americus Braves : RHP Jose Rivero
|
|
Batting: RHB Ryan Salas
|
0-0: SOLO HOME RUN (Flyball, 9D, EV 94.4 MPH), Distance : 371 ft
|
|
Pitching: RHP Aaron Frey
|
|
|
Batting: LHB Danny Moreno
|
0-0: Ball 1-0: Foul Ball, location: 2F 1-1: Ball 2-1: Ball 3-1: Base on Balls
|
|
Batting: RHB Robert Topete
|
0-0: Ball 1-0: Swinging Strike 1-1: Ball 2-1: Foul Ball, location: 2F 2-2: Strikes out swinging
|
|
Batting: LHB Alex Rivera
|
0-0: Foul Ball, location: 2F 0-1: Foul Ball, location: 2F 0-2: Foul Ball, location: 2F 0-2: Ball 1-2: Grounds into double play, 4-6-3 (Groundball, 4, EV 88.8 MPH)
|
| Top of the 5th over - 1 run, 1 hit, 0 errors, 0 left on base; Amarillo 6 - Americus 1 |
| BOTTOM OF THE 5TH |
|
Americus Braves batting - Pitching for Amarillo ThunderHeads : RHP Rob Fisher
|
|
Batting: RHB Bart Stevensdick
|
0-0: Ball 1-0: Called Strike 1-1: Ground out 5-3 (Groundball, 56, EV 112.5 MPH)
|
|
Batting: LHB Pappy Sterile
|
0-0: Ball 1-0: Called Strike 1-1: DOUBLE (Flyball, 8LD, EV 104.4 MPH)
|
|
Batting: RHB Chris Foss
|
0-0: Foul Ball, location: 2F 0-1: Called Strike 0-2: Ball 1-2: Strikes out swinging
|
|
Batting: RHB Alex Guerra
|
0-0: Ball 1-0: SINGLE (Line Drive, 9LS, EV 94.4 MPH) Pappy Sterile to third Runner from 3rd tries for Home, throw by RF and OUT! 9-2
|
| Bottom of the 5th over - 0 runs, 2 hits, 0 errors, 1 left on base; Amarillo 6 - Americus 1 |
| TOP OF THE 6TH |
|
Amarillo ThunderHeads batting - Pitching for Americus Braves : RHP Aaron Frey
|
|
Batting: RHB Evan Fry
|
0-0: Foul Ball, location: 2F 0-1: Foul Ball, location: 2F 0-2: Ball 1-2: Foul Ball, location: 2F 1-2: Strikes out swinging
|
|
Batting: LHB Carlos Guajardo
|
0-0: Called Strike 0-1: Ball 1-1: Foul Ball, location: 2F 1-2: Ball 2-2: Foul Ball, location: 2F 2-2: Foul Ball, location: 2F 2-2: Foul Ball, location: 2F 2-2: Foul Ball, location: 2F 2-2: Strikes out swinging
|
|
Batting: RHB Pat Martin
|
0-0: Ball 1-0: Called Strike 1-1: Hit by Pitch
|
|
Batting: RHB Eddie Vanderjagt
|
0-0: Called Strike 0-1: Ball 1-1: Ball 2-1: Foul Ball, location: 2F 2-2: Strikes out swinging
|
| Top of the 6th over - 0 runs, 0 hits, 0 errors, 1 left on base; Amarillo 6 - Americus 1 |
| BOTTOM OF THE 6TH |
|
Americus Braves batting - Pitching for Amarillo ThunderHeads : RHP Rob Fisher
|
|
Batting: RHB Wilson Salgado
|
0-0: SINGLE (Line Drive, 89M, EV 100.6 MPH)
|
|
Batting: RHB Scott Hansen
|
0-0: Ball 1-0: Ball 2-0: Ball 3-0: Called Strike 3-1: Called Strike 3-2: Base on Balls Wilson Salgado to second
|
|
Batting: RHB Juan Gonzalez
|
0-0: Ball 1-0: Foul Ball, location: 2F 1-1: SINGLE (Flyball, 34D, EV 92.5 MPH) Wilson Salgado to third Scott Hansen to second
|
|
Batting: RHB Josh Maxwell
|
0-0: Ball 1-0: Foul Ball, location: 2F 1-1: Ball 2-1: Foul Ball, location: 2F 2-2: Strikes out swinging
|
|
Batting: RHB Jose Florez
|
0-0: Ball 1-0: Foul Ball, location: 2F 1-1: Ball 2-1: GRAND SLAM HOME RUN (Line Drive, 78XD, EV 111.2 MPH), Distance : 439 ft
|
|
Pitching: RHP Trent Murdock
|
|
|
Pinch Hitting: RHB Bill Horne
|
0-0: Called Strike 0-1: Fly out, F8 (Flyball, 8LD, EV 91.9 MPH)
|
|
Batting: LHB Pappy Sterile
|
0-0: Called Strike 0-1: Fly out, F8 (Flyball, 8LD, EV 100.0 MPH)
|
| Bottom of the 6th over - 4 runs, 3 hits, 0 errors, 0 left on base; Amarillo 6 - Americus 5 |
| TOP OF THE 7TH |
|
Amarillo ThunderHeads batting - Pitching for Americus Braves : RHP Aaron Frey
|
|
Now at 2B: Juan Barela
|
|
|
Batting: RHB Sam Voss
|
0-0: Foul Ball, location: 2F 0-1: Fly out, F9 (Flyball, 89S, EV 88.8 MPH)
|
|
Batting: RHB Ryan Salas
|
0-0: Swinging Strike 0-1: Ball 1-1: Called Strike 1-2: Strikes out swinging
|
|
Batting: LHB Danny Moreno
|
0-0: Swinging Strike 0-1: Ball 1-1: Ball 2-1: Swinging Strike 2-2: Foul Ball, location: 2F 2-2: SOLO HOME RUN (Flyball, 9D, EV 99.4 MPH), Distance : 372 ft
|
|
Batting: RHB Robert Topete
|
0-0: Ball 1-0: SINGLE (Line Drive, 89S, EV 111.9 MPH)
|
|
Pitching: RHP Outa Tamura
|
|
|
Batting: LHB Alex Rivera
|
0-0: Called Strike 0-1: Ball 1-1: Ball 2-1: Ball 3-1: Base on Balls Robert Topete to second
|
|
Batting: RHB Evan Fry
|
0-0: Called Strike 0-1: Called Strike 0-2: Strikes out looking
|
| Top of the 7th over - 1 run, 2 hits, 0 errors, 2 left on base; Amarillo 7 - Americus 5 |
| BOTTOM OF THE 7TH |
|
Americus Braves batting - Pitching for Amarillo ThunderHeads : RHP Trent Murdock
|
|
Batting: RHB Chris Foss
|
0-0: Ball 1-0: Called Strike 1-1: Called Strike 1-2: Ball 2-2: Foul Ball, location: 2F 2-2: Foul Ball, location: 2F 2-2: Strikes out looking
|
|
Batting: RHB Alex Guerra
|
0-0: Ball 1-0: Ball 2-0: Ball 3-0: Called Strike 3-1: Foul Ball, location: 2F 3-2: Strikes out swinging
|
|
Batting: RHB Wilson Salgado
|
0-0: Ball 1-0: Fly out, F8 (Flyball, 89M, EV 85.6 MPH)
|
| Bottom of the 7th over - 0 runs, 0 hits, 0 errors, 0 left on base; Amarillo 7 - Americus 5 |
| TOP OF THE 8TH |
|
Amarillo ThunderHeads batting - Pitching for Americus Braves : RHP Outa Tamura
|
|
Batting: LHB Carlos Guajardo
|
0-0: Foul Ball, location: 2F 0-1: Swinging Strike 0-2: Foul Ball, location: 2F 0-2: Ball 1-2: Ball 2-2: Ball 3-2: Foul Ball, location: 2F 3-2: Foul Ball, location: 2F 3-2: DOUBLE (Groundball, 3D, EV 103.8 MPH)
|
|
Batting: RHB Pat Martin
|
0-0: Intentional Walk
|
|
Batting: RHB Eddie Vanderjagt
|
0-0: Called Strike 0-1: Called Strike 0-2: Ball 1-2: Strikes out swinging
|
|
Batting: RHB Sam Voss
|
0-0: Ball 1-0: Ball 2-0: Foul Ball, location: 2F 2-1: Ball 3-1: Base on Balls Carlos Guajardo to third Pat Martin to second
|
|
Batting: RHB Ryan Salas
|
0-0: Called Strike 0-1: Called Strike 0-2: Foul Ball, location: 2F 0-2: Strikes out swinging
|
|
Batting: LHB Danny Moreno
|
0-0: Called Strike 0-1: Ball 1-1: Ball 2-1: Ball 3-1: Swinging Strike 3-2: Base on Balls Carlos Guajardo scores Pat Martin to third Sam Voss to second
|
|
Pitching: RHP Justus Gonzales
|
|
|
Batting: RHB Robert Topete
|
0-0: Ball 1-0: Ball 2-0: Foul Ball, location: 2F 2-1: Foul Ball, location: 2F 2-2: Foul Ball, location: 2F 2-2: Strikes out swinging
|
| Top of the 8th over - 1 run, 1 hit, 0 errors, 3 left on base; Amarillo 8 - Americus 5 |
| BOTTOM OF THE 8TH |
|
Americus Braves batting - Pitching for Amarillo ThunderHeads : RHP Trent Murdock
|
|
Batting: RHB Scott Hansen
|
0-0: Called Strike 0-1: Called Strike 0-2: Ball 1-2: Foul Ball, location: 2F 1-2: Foul Ball, location: 2F 1-2: Fly out, F5 (Popup, 56S, EV 73.1 MPH)
|
|
Pinch Hitting: LHB Garret Mathis
|
0-0: Ball 1-0: Called Strike 1-1: Ball 2-1: Fly out, F7 (Flyball, 7LD, EV 103.8 MPH)
|
|
Pinch Hitting: RHB Ryan Cole
|
0-0: Called Strike 0-1: Ground out 4-3 (Groundball, 13, EV 76.2 MPH)
|
| Bottom of the 8th over - 0 runs, 0 hits, 0 errors, 0 left on base; Amarillo 8 - Americus 5 |
| TOP OF THE 9TH |
|
Amarillo ThunderHeads batting - Pitching for Americus Braves : RHP Justus Gonzales
|
|
Now at 1B: Garret Mathis
|
|
|
Now in RF: Ryan Cole
|
|
|
Batting: LHB Alex Rivera
|
0-0: Called Strike 0-1: Ball 1-1: Ball 2-1: Ball 3-1: Called Strike 3-2: Ground out U3 (Groundball, 3L, EV 79.4 MPH)
|
|
Batting: RHB Evan Fry
|
0-0: Ball 1-0: Fly out, F8 (Line Drive, 89M, EV 89.4 MPH)
|
|
Batting: LHB Carlos Guajardo
|
0-0: Ball 1-0: Called Strike 1-1: Ground out 4-3 (Groundball, 4M, EV 101.2 MPH)
|
| Top of the 9th over - 0 runs, 0 hits, 0 errors, 0 left on base; Amarillo 8 - Americus 5 |
| BOTTOM OF THE 9TH |
|
Americus Braves batting - Pitching for Amarillo ThunderHeads : RHP Trent Murdock
|
|
Pitching: LHP Ruben Lopez
|
|
|
Batting: RHB Jose Florez
|
0-0: Called Strike 0-1: Ball 1-1: Swinging Strike 1-2: Ball 2-2: Ground out 6-3 (Groundball, 6, EV 102.5 MPH)
|
|
Pinch Hitting: RHB Ricardo Joya
|
0-0: Ball 1-0: Swinging Strike 1-1: Fly out, F5 (Flyball, 5D, EV 95.6 MPH)
|
|
Pinch Hitting: RHB Jose Hurtado
|
0-0: DOUBLE (Flyball, 8RXD, EV 95.6 MPH)
|
|
Batting: RHB Chris Foss
|
0-0: Called Strike 0-1: Foul Ball, location: 2F 0-2: SINGLE (Groundball, 6MD, EV 98.8 MPH) Jose Hurtado to third
|
|
Batting: RHB Alex Guerra
|
0-0: DOUBLE (Line Drive, 9LM, EV 87.5 MPH) Jose Hurtado scores Chris Foss to third
|
|
Batting: RHB Wilson Salgado
|
0-0: Ball 1-0: SINGLE (Groundball, 6MS, EV 75.6 MPH) (infield hit) Chris Foss scores Alex Guerra to third
|
|
Batting: RHB Scott Hansen
|
0-0: Ground out 4-3 (Groundball, 34, EV 109.4 MPH)
|
| Bottom of the 9th over - 2 runs, 4 hits, 0 errors, 2 left on base; Amarillo 8 - Americus 7 |
|